 Dungeon Crawl Stone Soup version 0.26.0-9-gab577f9fc5 (webtiles) character file.

Game seed: 2919403618105813287

249 BOMJPIETVODKU the Slasher (level 6, -5/53 HPs)
             Began as a Hill Orc Fighter on Jan 13, 2021.
             Slain by an ogre
             ... wielding a cursed -3 giant spiked club
              (11 damage)
             ... on level 4 of the Dungeon.
             The game lasted 00:14:18 (3324 turns).

BOMJPIETVODKU the Slasher (Hill Orc Fighter)        Turns: 3324, Time: 00:14:19

Health: -5/53      AC:  7    Str: 21    XL:     6   Next: 12%
Magic:  6/6        EV:  8    Int:  8    God:
Gold:   248        SH:  9    Dex: 10    Spells: 5/5 levels left

rFire    . . .     SeeInvis .   a - +0 long sword
rCold    . . .     Faith    .   c - +0 kite shield
rNeg     . . .     Spirit   .   b - +0 scale mail
rPois    .         Reflect  .   (no helmet)
rElec    .         Harm     .   (no cloak)
rCorr    .         Rampage  .   (no gloves)
Will     +....                  (no boots)
Stlth    +.........             (no amulet)
HPRegen  0.17/turn              p - ring of stealth
MPRegen  0.10/turn              h - ring of willpower

@: no status effects
A: no striking features
a: no special abilities


You were on level 4 of the Dungeon.
You visited 1 branch of the dungeon, and saw 4 of its levels.

You collected 248 gold pieces.

Inventory:

Hand Weapons
 a - a +0 long sword (weapon)
 t - a +0 dagger
Missiles
 i - 116 stones
 n - a throwing net
 s - 15 poisoned darts (quivered)
Armour
 b - a +0 scale mail (worn)
 c - a +0 kite shield (worn)
Jewellery
 h - a ring of willpower (right hand)
 p - a ring of stealth (left hand)
Wands
 o - a wand of polymorph (10)
 r - a wand of acid (6)
Scrolls
 e - 3 scrolls of teleportation
 j - a scroll of fear {unknown}
 k - 4 scrolls of identify {unknown}
 l - 2 scrolls of enchant armour {unknown}
 q - a scroll of blinking
Potions
 d - a potion of might
 f - 2 potions of haste
 g - 2 potions of attraction {unknown}
 m - a potion of curing {unknown}


   Skills:
 + Level 4.3 Fighting
 * Level 5.4 Long Blades
 + Level 3.7 Armour
 + Level 1.1 Dodging
 + Level 3.8 Shields


You had 5 spell levels left.
You didn't know any spells.
Your spell library was empty.

Dungeon Overview and Level Annotations

Branches:
Dungeon (4/15)
 Temple: D:4-7

Altars:
Qazlal


Message History

You are too injured to fight recklessly!
You are too injured to fight recklessly!
You are too injured to fight recklessly!
You hit the ogre but do no damage.
The ogre is severely wounded.
The ogre looks more healthy.
The ogre hits you with a cursed -3 giant spiked club.
You hit the ogre but do no damage.
The ogre is severely wounded.
The ogre hits you with a cursed -3 giant spiked club!
* * * LOW HITPOINT WARNING * * *
You hit the ogre.
The ogre is almost dead.
You barely miss the ogre.
The ogre is almost dead.
You block the ogre's attack.
You barely miss the ogre.
The ogre is almost dead.
The ogre hits you with a cursed -3 giant spiked club!
You die...

#......#####.###.#
##..(### #.....# ....
##.## ###.### ......#
#.# #...# ......# #(#
###(# .....# ##'## #.#
#####...# ##...## #.#
.......######..O..##
#.# #........#...@...#
...
####....###..........#
.#.##
.....................+
..<.#
####....#.#..........#
.# #.#
#.#.##.#.#.......## .#
..# #.####.#.##.....##
## ### #..
....###...## ##. ....#
##+## .###....


You could see an ogre.

Vanquished Creatures
  A phantom (D:4)
  An iguana (D:4)
  A worker ant (D:2)
  3 gnolls (D:2)
  An adder (D:2)
  2 worms
  A dart slug (D:1)
  3 leopard geckos
  8 orcs (D:3)
  6 bats
  5 giant cockroaches
  5 goblins
  6 hobgoblins
  3 jackals (D:2)
  6 kobolds
  2 quokkas (D:3)
  3 frilled lizards (D:2)
  A quokka zombie (D:3)
  10 rats
68 creatures vanquished.

Notes
Turn   | Place    | Note
-------+----------+-------------------------------------------
     0 | D:1      | BOMJPIETVODKU the Hill Orc Fighter began the quest for the
                  | Orb.
     0 | D:1      | Reached XP level 1. HP: 19/19 MP: 1/1
     9 | D:1      | Noticed a centaur
   357 | D:1      | Reached XP level 2. HP: 22/27 MP: 2/2
   674 | D:1      | Reached skill level 3 in Long Blades
   911 | D:2      | Reached XP level 3. HP: 33/33 MP: 3/3
  1315 | D:2      | Reached skill level 4 in Long Blades
  1315 | D:2      | Reached XP level 4. HP: 29/40 MP: 4/4
  1836 | D:2      | You fall into a shaft and drop 1 floor!
  1902 | D:3      | Noticed an air elemental
  1903 | D:3      | Found a stormy altar of Qazlal.
  1906 | D:3      | Noticed a fire elemental
  1907 | D:3      | Noticed an earth elemental
  1907 | D:3      | Noticed a water elemental
  1912 | D:3      | Reached XP level 5. HP: 44/46 MP: 5/5
  3077 | D:4      | Noticed a phantom
  3086 | D:4      | Killed a phantom
  3087 | D:4      | Reached skill level 5 in Long Blades
  3087 | D:4      | Reached XP level 6. HP: 41/53 MP: 6/6
  3292 | D:4      | Reached skill level 1 in Dodging
  3324 | D:4      | Slain by an ogre

Illustrated notes

Levels and vault maps discovered:
D:1:      evilmike_arrival_come_back, layout_basic
D:2:      layout_loops_corners
D:3:      layout_basic, nicolae_qazlal_style_of_elements
D:4:      layout_loops_corners

Skill      XL: |  1  2  3  4  5  6 |
---------------+-------------------+-----
Long Blades    | 3 4 5 |  5.4
Fighting       | 4 |  4.3
Dodging        | 1 |  1.1
Armour         | |  3.7
Shields        | |  3.8

Action                   |  1- 3 |  4- 6 || total
-------------------------+-------+-------++-------
Melee: Long sword        |   104 |   142 ||   246
Throw: Stone             |       |     5 ||     5
       Dart              |       |     4 ||     4
Evoke: Wand              |       |     1 ||     1
  Use: Scroll            |       |     2 ||     2
Armor: Scale mail        |    39 |    67 ||   106
Dodge: Dodged            |    30 |    45 ||    75
Block: Kite shield       |    48 |    72 ||   120
       Rpst.: Long sword |    10 |    10 ||    20
